[Event "Polish Youth B18 Championship 2023"]
[Site "Jastrzebia Gora"]
[Date "2023.03.13"]
[Round "2.19"]
[White "Syrkiewicz, Michal"]
[Black "Sternik, Piotr"]
[Result "1-0"]
[ECO "B90"]
[WhiteElo "2000"]
[BlackElo "1746"]
[Annotator "TA"]
[PlyCount "91"]
[EventDate "2023.03.11"]
[EventType "swiss"]
[EventCountry "POL"]
[SourceTitle "playchess.com"]
[Source "ChessBase"]
[SourceQuality "1"]
[TimeControl "40/5400+30:1800+30"]

1. e4 c5 2. Nf3 d6 3. d4 cxd4 4. Nxd4 Nf6 5. Nc3 a6 6. Be3 e5 7. Nf3 Be6 8. Ng5 $1 Qd7 {[%emt 0:18:51] B90: Sicilian Najdorf: Unusual White 6th moves, 6 Be3 Ng4 and 6 Be3 e5.} 9. Nxe6 Qxe6 10. Be2 {[%emt 0:08:32] White is more active.} Be7 {[%emt 0:01:46] [#] White is better.} 11. Bg5 $146 (11. g4 $16) ({Predecessor:} 11. g4 h6 12. h4 b5 13. a3 Nbd7 14. Rg1 Nc5 15. g5 Nfxe4 16. Nd5 Bd8 17. Bg4 {1-0 Dijkhuis,T (2402)-Briem,S (1890) Kopavogur Baldursson Memorial 2018 (1)}) 11... Nbd7 $14 12. b3 Rc8 13. Bc4 Rxc4 (13... d5 $1 $11 14. Nxd5 (14. Bxd5 Nxd5 {[%mdl 64] Discovered Attack} 15. exd5 Qg6 $15) 14... Nxd5 15. Bxd5 Qg6 16. Bxe7 (16. Bxb7 Rc7 $11) 16... Qxg2) 14. bxc4 $16 Qxc4 15. Qd3 $36 {[%emt 0:06:13][%mdl 2048] White has strong initiative.} Qc6 16. f3 Nc5 17. Qd2 h6 18. Be3 O-O 19. O-O Rc8 20. Rfc1 b5 21. Nd5 Nxd5 22. exd5 Qd7 {[%emt 0:02:08] [#]} (22... Qc7 $11) 23. c4 $1 f5 24. cxb5 Qxb5 (24... axb5 $16 25. Rab1 Rb8) 25. Rab1 Qd7 26. Qe2 (26. Rc4 $16) 26... Qa7 $2 {[%emt 0:06:31] Black cannot hold the game after this.} ({Black should play} 26... Bg5 $14) 27. Rc4 Bd8 28. Qc2 f4 (28... Qd7 {was worth a try.} 29. Kf1 (29. Bxc5 dxc5 30. Rd1 Be7 $18) 29... Be7) 29. Bxc5 $18 Rxc5 {[%emt 0:00:07] Black is weak on the light squares} 30. Rxc5 Bb6 {[%emt 0:00:20] [#]} 31. Qf5 $1 Bxc5+ {[%emt 0:00:36][%mdl 4096] Endgame KQR-KQB} (31... Qc7 32. g3) 32. Kh1 {[%emt 0:00:14] Qc8+ would be deadly.} Qc7 {[%emt 0:00:37] Wards off Qc8+} 33. g3 fxg3 34. hxg3 a5 35. Rb3 Bb4 (35... Bb6 $142 36. Kg2 a4) 36. Qb1 Qc8 37. Kg2 {[%emt 0:00:55] And now a3 would win.} e4 38. Qxe4 Qc1 39. Re3 Qd2+ 40. Re2 Qg5 41. Rc2 Bc5 42. Rb2 (42. Qe6+ $142 Kh7 43. Rxc5 dxc5 44. d6) 42... Qd8 43. Rb7 {[%emt 0:00:54] Qe6+ would kill now.} Bb4 44. Qe6+ {[%emt 0:00:21] White mates.} Kh7 45. Re7 Bc3 46. Qe4+ {[%emt 0:00:07] Weighted Error Value: White=0.31/Black=0.56} 1-0

[Event "Polish Youth B18 Championship 2023"]
[Site "Jastrzebia Gora"]
[Date "2023.03.13"]
[Round "2.20"]
[White "Jedraszek, Pawel"]
[Black "Zeissel, Andrzej"]
[Result "1-0"]
[ECO "B42"]
[WhiteElo "1944"]
[BlackElo "1717"]
[Annotator "TA"]
[PlyCount "91"]
[EventDate "2023.03.11"]
[EventType "swiss"]
[EventCountry "POL"]
[SourceTitle "playchess.com"]
[Source "ChessBase"]
[SourceQuality "1"]
[TimeControl "40/5400+30:1800+30"]

1. e4 c5 2. Nf3 e6 3. d4 cxd4 4. Nxd4 a6 5. Bd3 Bc5 6. Nb3 Ba7 7. Qe2 $1 {[%emt 0:00:45] 7.Qe2 is better than 7.0-0.} Ne7 {[%emt 0:00:09] B42: Sicilian: Kan Variation: 5 Bd3.} 8. Be3 O-O 9. O-O Nbc6 {[%emt 0:01:02] White has an edge. 9...Bxe3 is not played anymore.} 10. f4 Bxe3+ 11. Qxe3 d6 12. Nc3 b5 13. Rad1 Qc7 14. Kh1 b4 15. Ne2 {[%emt 0:00:24] [#]} Bb7 $146 ({Predecessor:} 15... a5 16. Qg3 a4 17. Nd2 f5 18. Nf3 h6 19. Nfd4 Nxd4 20. Nxd4 Qc5 21. c3 a3 22. exf5 bxc3 23. bxc3 Nxf5 24. Bxf5 exf5 {0-1 Melia,S (2400)-Danielian,E (2478) EU-ch (Women) 13th 2012 (10)}) 16. Ng3 d5 17. Nh5 (17. Nc5 $5 ) 17... dxe4 18. Bxe4 Rad8 19. Nc5 Bc8 20. Nd3 (20. Qg3 $11 Ng6 21. c3) 20... Qa5 (20... f5 {simplifies} 21. Bxc6 Nxc6 22. Rc1 a5) 21. Qh3 {[%emt 0:02:34][%cal Oh5f6] White wants to mate with Nf6+!} f5 22. Qg3 $1 g6 23. Bxc6 Nxc6 24. Ne5 {[%emt 0:03:41] Nxg6 would be deadly.} Nxe5 25. fxe5 Rxd1 (25... Qxa2 $2 26. Nf6+ Rxf6 27. Rxd8+ Rf8 28. Qh4 $18) 26. Rxd1 Rd8 $1 27. Re1 Bb7 28. Nf6+ Kg7 29. Qh4 h5 30. h3 Kh6 {[%emt 0:02:10] Inhibits Qg5+. Hoping for ...b3.} 31. Qg3 b3 $1 32. axb3 $2 {[%emt 0:00:26] [#]} (32. c3 $1 $11 bxa2 33. Qe3+ (33. b4 Qc7 $17) 33... g5 34. h4) 32... Rd2 $2 ({Black should try} 32... Qd2 $1 $17 {White must now prevent ...f4.} 33. Rf1 Qg5 34. Qxg5+ Kxg5) 33. Rg1 $11 Rxc2 {[%emt 0:00:39] And now ...Qd2 would win.} 34. Ng8+ Kg7 {[%emt 0:00:19][%cal Oa5d2] Strongly threatening ...Qd2!} 35. Ne7 $36 {[%emt 0:00:06][%mdl 2048] White is pushing.} Kf7 (35... Rxg2 $11 {remains equal.} 36. Rxg2 Bxg2+ 37. Qxg2 (37. Kxg2 Qd2+ 38. Kg1 Qd1+ 39. Kh2 Qe2+ 40. Kh1 Qf1+ 41. Kh2 Qe2+ 42. Qg2 Qxe5+ 43. Kh1 Qe1+ 44. Kh2 Qe5+ 45. Kh1 Qe1+ 46. Kh2 Qe5+ $11) 37... Qe1+ 38. Qg1 (38. Kh2 Qxe5+ 39. Kh1 Qe1+ 40. Kh2 Qe5+ 41. Kh1 Qe1+ 42. Kh2 Qe5+ $11) 38... Qe4+ 39. Qg2 Qe1+ 40. Qg1 (40. Kh2 Qxe5+ 41. Kh1 Qe1+ 42. Kh2 Qe5+ 43. Kh1 Qe1+ 44. Kh2 Qe5+ $11) 40... Qe4+ 41. Qg2 Qe1+) 36. Nxg6 $16 (36. Qg5 $2 Bxg2+ 37. Rxg2 Qe1+ 38. Kh2 Qxe5+ 39. Kh1 Qe1+ 40. Kh2 Qe5+ 41. Kh1 Rxg2 42. Kxg2 Qxb2+ 43. Kg1 Qb1+ 44. Kg2 Qc2+ 45. Kf1 Qd3+ 46. Kf2 Qxb3 47. Nxg6 Qb2+ 48. Kf3 Qc3+ 49. Kf2 Qg7 50. Qe7+ Kxg6 $19) 36... Qd2 (36... Be4 $16 {keeps fighting.} 37. Qg5 Bxg2+ 38. Rxg2 Qe1+ 39. Kh2 Rxg2+ 40. Qxg2 Qe3) 37. Nf4 $18 Ke7 $2 (37... Bd5 38. Nxh5 Ke7) 38. Qg7+ {[%emt 0:00:54][%mdl 64] Skewer} ({Less strong is} 38. Nxh5 Kd7 39. Nf4 Be4 40. Qg7+ Kc6 41. Nxe6 Kb6 $18) 38... Ke8 39. Nxe6 Be4 40. Qf8+ Kd7 {[%emt 0:00:00][%cal Re4g2] [#]} 41. Nc5+ $1 Kc7 (41... Rxc5 $142 42. Qxc5 Ke6) 42. Nxe4 ({Stronger than} 42. Nxa6+ Kb6 43. Qb8+ Bb7 $11) 42... fxe4 43. e6 {[%emt 0:00:48] White threatens e7 and mate.} e3 44. e7 {[%emt 0:00:10] White mates.} e2 45. e8=Q (45. e8=B $2 {is the wrong capture.} e1=Q 46. Qg7+ Kb8 47. Rxe1 Qxe1+ 48. Kh2 Qxe8 $19) 45... e1=Q 46. Qxe1 {[%emt 0:00:20] A cool game by Jedraszek.   Weighted Error Value: White=0.09 (flawless) /Black=0.46} (46. Rxe1 $2 Qxg2#) 1-0

[Event "Polish Youth B18 Championship 2023"]
[Site "Jastrzebia Gora"]
[Date "2023.03.13"]
[Round "2.21"]
[White "Karut, Kacper"]
[Black "Smuda, Tomasz"]
[Result "1-0"]
[ECO "B18"]
[WhiteElo "1904"]
[BlackElo "1654"]
[Annotator "TA"]
[PlyCount "75"]
[EventDate "2023.03.11"]
[EventType "swiss"]
[EventCountry "POL"]
[SourceTitle "playchess.com"]
[Source "ChessBase"]
[SourceQuality "1"]
[TimeControl "40/5400+30:1800+30"]

1. e4 c6 2. d4 d5 3. Nc3 dxe4 4. Nxe4 Bf5 5. Ng3 Bg6 6. Nh3 Nd7 {[%emt 0:00:05] 6...Nf6 is setting a new trend.} 7. Nf4 {[%emt 0:00:31] B18: Classical Caro-Kann: 4...Bf5 sidelines.} Qc7 {[%emt 0:00:04] is the legacy move (7...Ngf6).} 8. c3 Ngf6 9. Be2 {[%emt 0:03:12] The position is equal.} e6 {[%emt 0:08:56] [#]} 10. Be3 $146 ({Predecessor:} 10. Ngh5 O-O-O 11. Nxf6 gxf6 12. Qa4 a6 13. Be3 Bd6 14. g3 Be4 15. Rf1 Bf5 16. O-O-O e5 17. Nh5 Be7 18. Qb3 {½-½ Kurmann,O (2431)-Paichadze,L (2489) Universiad Men 26th 2011 (5)}) 10... a6 11. Qd2 c5 12. O-O Be7 13. Bf3 Rd8 14. Rad1 O-O 15. h4 Nb6 (15... Ne5 $15) 16. Qe2 $11 Nbd5 (16... cxd4 $11 {remains equal.} 17. cxd4 Bd6) 17. Nxd5 Nxd5 18. Bxd5 Rxd5 19. h5 Bf5 20. c4 Rd7 21. Nxf5 exf5 22. d5 f4 (22... Bd6 $14) 23. Bd2 $16 Bd6 24. Bc3 (24. Rfe1 $142) 24... Re7 25. Qg4 {[%emt 0:01:45][%csl Gc3][%cal Rg4g7] [#]} f5 26. Qh3 f3 27. Qxf3 $18 Re4 {[%emt 0:00:37] [#]} 28. Rfe1 $1 Rxc4 29. Re6 b5 (29... Rf4 {keeps fighting.} 30. Qh3 Rg4) 30. Qe2 (30. h6 $18 {is the precise move to win.} g6 31. Rde1) 30... Rh4 31. g3 (31. h6 $142 Qd8 32. Rd3 (32. hxg7 {leads to mate.} Rh1+ {[%mdl 64] Decoy, Back Rank, Clearance} 33. Kxh1 Qh4+ 34. Kg1 Qh2+ 35. Kf1 Qh1#) 32... Rxh6 33. Rxh6 gxh6 34. Qe6+ Rf7 35. a3 (35. Qxh6 b4 $14)) 31... Rc4 $2 (31... Bxg3 $2 32. fxg3 Qxg3+ 33. Qg2 Qxg2+ 34. Kxg2 $18) (31... Rg4 $16) 32. Re8 $2 (32. f3 $18) 32... Qf7 33. Re6 {[%emt 0:02:02] White is more active.} (33. Rxf8+ $14 Kxf8 34. h6 gxh6 35. Be5) 33... f4 $2 34. Rxd6 fxg3 35. fxg3 {[%emt 0:01:15] Threatens to win with h6.} Re8 36. Re6 {[%emt 0:00:09][%cal Bd6e6,Be6e7,Be7e8][%mdl 32] White mates.} Rd8 37. Re7 Rxd5 38. Re8+ {[%emt 0:00:13] Weighted Error Value: White=0.30/Black=0.49} 1-0

[Event "Polish Youth B18 Championship 2023"]
[Site "Jastrzebia Gora"]
[Date "2023.03.13"]
[Round "2.22"]
[White "Czarniecki, Pawel"]
[Black "Kozlowski, Franciszek"]
[Result "0-1"]
[ECO "A06"]
[WhiteElo "1625"]
[BlackElo "1829"]
[Annotator "NA RC COMBH"]
[PlyCount "120"]
[EventDate "2023.03.11"]
[EventType "swiss"]
[EventCountry "POL"]
[SourceTitle "playchess.com"]
[Source "ChessBase"]
[SourceQuality "1"]
[TimeControl "40/5400+30:1800+30"]

1. Nf3 d5 2. g3 c6 3. Bg2 g6 4. O-O Bg7 5. d3 Nf6 6. c3 O-O 7. Nbd2 Qc7 8. e4 dxe4 9. dxe4 Rd8 10. Qc2 b6 11. Re1 e5 12. b4 Qe7 13. a3 Nbd7 14. Bb2 Nf8 15. Nc4 Ne8 16. Ne3 Ne6 17. Bf1 Bb7 18. Rad1 Nd6 19. c4 Ng5 20. Nxg5 Qxg5 21. c5 Ne8 22. cxb6 axb6 23. Nc4 b5 24. Na5 Qe7 25. Rxd8 Rxd8 26. Nxc6 Qc7 27. Bxb5 Rc8 28. Rc1 Nd6 29. Ba4 Bh6 30. f4 Bxc6 31. Bxc6 Qb6+ 32. Kg2 Qe3 33. Rd1 Rxc6 34. Qxc6 Qe2+ 35. Kh3 Qh5+ 36. Kg2 Qxd1 37. Bxe5 Qe2+ 38. Kh3 Nxe4 39. Bd4 Qf1+ 40. Kh4 g5+ 41. Kg4 Qd1+ 42. Kh3 Qxd4 43. Qxh6 Qd7+ 44. Kg2 g4 (44... Qd2+ $142 45. Kh3 Nf2+ 46. Kg2 Ng4+ {[%mdl 64] Discovered Attack} 47. Kf3 Nxh6 48. fxg5 Qd3+ 49. Kf4 Nf5 50. Ke5 Ng7 51. Kf4 Ne6+ 52. Kg4 Qe4+ 53. Kh5 Ng7+ 54. Kh6 Qg6#) 45. f5 Qxf5 46. Qe3 Ng5 47. Qe2 Qd5+ 48. Kf2 Qd4+ 49. Kf1 Nf3 50. Qf2 Qa1+ 51. Ke2 Qb2+ 52. Kf1 Qc1+ 53. Ke2 Qxa3 54. Qc5 Qb2+ 55. Ke3 Qd2+ 56. Ke4 Ng5+ 57. Kf5 Ne6 58. Qc8+ $19 Kg7 59. Qc4 h5 60. b5 Qe3 0-1

[Event "Polish Youth B18 Championship 2023"]
[Site "Jastrzebia Gora"]
[Date "2023.03.13"]
[Round "3.1"]
[White "Kaliszuk, Kamil"]
[Black "Turski, Bartlomiej"]
[Result "1/2-1/2"]
[ECO "E73"]
[WhiteElo "2217"]
[BlackElo "2352"]
[Annotator "TA"]
[PlyCount "44"]
[EventDate "2023.03.11"]
[EventType "swiss"]
[EventCountry "POL"]
[SourceTitle "playchess.com"]
[Source "ChessBase"]
[SourceQuality "1"]
[TimeControl "40/5400+30:1800+30"]

1. d4 Nf6 2. c4 g6 3. Nc3 Bg7 4. e4 d6 5. Be2 O-O 6. Be3 c5 7. d5 e6 8. Nf3 {[%emt 0:00:43] E73: King's Indian: Averbakh Variation without 6...c5.} Re8 9. Nd2 Na6 10. O-O {[%emt 0:06:37] White is slightly better.} Nc7 11. a4 Na6 12. Bf4 Nb4 {[%emt 0:13:17] [#]} 13. dxe6 $146 ({Predecessor:} 13. Nb5 e5 14. Be3 a6 15. Nc3 Nd7 16. Nf3 Qe7 17. Bg5 Qf8 18. Ne1 Bh6 19. Bh4 {0-1 Argandona Riveiro,I (2423)-Martinez Duany,L (2527) San Sebastian Gros op 28th 2018 (4)}) 13... Rxe6 14. Bg5 h6 15. Bh4 Nc6 16. f4 Nd4 17. Bd3 Re8 {[%emt 0:07:25] [#]} 18. Nd5 $1 Be6 19. Ne3 (19. f5 $5 gxf5 20. Nxf6+ Bxf6 21. Bxf6 Qxf6 22. exf5 Nxf5 23. Qg4+ Qg7 24. Qxg7+ Nxg7 25. Ne4 $14) 19... Bd7 20. Nd5 (20. Nf3 $11) 20... Be6 $1 $16 21. Ne3 (21. f5 $5 gxf5 22. Bxf6 Bxf6 23. Nxf6+ Qxf6 24. exf5 Nxf5 25. Qg4+ Qg7 26. Qxg7+ Nxg7 27. Ne4 $14) 21... Bd7 $1 22. Nd5 Be6 $1 {[%emt 0:00:09] Weighted Error Value: White=0.17 (very precise) /Black=0.07 (flawless)} 1/2-1/2

[Event "Polish Youth B18 Championship 2023"]
[Site "Jastrzebia Gora"]
[Date "2023.03.13"]
[Round "3.2"]
[White "Dzida, Kamil"]
[Black "Dziendziel, Mateusz"]
[Result "1-0"]
[ECO "D52"]
[WhiteElo "2333"]
[BlackElo "2084"]
[Annotator "TA"]
[PlyCount "111"]
[EventDate "2023.03.11"]
[EventType "swiss"]
[EventCountry "POL"]
[SourceTitle "playchess.com"]
[Source "ChessBase"]
[SourceQuality "1"]
[TimeControl "40/5400+30:1800+30"]

1. d4 d5 2. c4 c6 3. Nf3 Nf6 4. Nc3 e6 5. Bg5 Nbd7 6. e3 Qa5 7. cxd5 Nxd5 8. Qd2 Bb4 9. Rc1 Nxc3 {[%emt 0:00:34] D52: Queen's Gambit Declined: Cambridge Springs Variation.} 10. bxc3 Ba3 11. Rb1 b6 {[%emt 0:04:56] The position is equal.} 12. Bd3 Ba6 13. O-O Bxd3 14. Qxd3 O-O 15. Bh4 Rfe8 16. c4 Bf8 {[%emt 0:01:34] [#]} 17. Rfd1 $146 ({Predecessor:} 17. Ng5 Nf6 18. f4 Qf5 19. e4 Qg6 20. Rbe1 Rad8 21. Nf3 Rc8 22. Ne5 Qh5 23. Re3 Ng4 24. Rh3 f5 25. Qe2 Nf6 26. Qc2 {1-0 Brunner,N (2454)-Baeumer,L (2238) SUI-chT Switzerland 2022 (1.4)}) 17... Rac8 18. h3 h6 19. Bg3 c5 20. d5 exd5 21. Qf5 Qa4 22. Qxd5 Nf6 23. Qd3 g6 24. Be5 Bg7 25. Qb3 Qa6 26. Bxf6 Bxf6 27. Ne1 Qb7 28. a4 Qc6 29. Nd3 g5 {[%emt 0:01:24] Inhibits Nf4.} 30. Nc1 Rcd8 31. Ne2 Be5 32. Qc2 Kg7 33. Qb3 h5 34. Qb5 (34. Nc3 $11 {remains equal.}) 34... Qc7 ({Better is} 34... Qg6 $17 35. Qb3 g4) 35. Rd5 $11 Rxd5 36. cxd5 Rd8 37. Qc4 Qd6 38. Rd1 h4 39. Kf1 Bf6 40. Ng1 Qe5 41. Nf3 Qf5 42. Nh2 Qe5 43. Ng4 Qf5 (43... Qc3 $11 44. Qe2 Qb3) 44. Ke2 Re8 {[%emt 0:06:09] [#]} (44... Be5 $16) 45. d6 $1 $18 {[%emt 0:02:19] aiming for d7.} Rd8 46. Qd5 (46. e4 $18 Re8 47. f3) 46... Kg6 47. d7 {[%emt 0:06:09] Hoping for Qxf5+. Really sharp! White is more active.} c4 $2 48. e4 $2 (48. Qxc4 Rxd7 49. e4 Re7 $14) (48. Qc6 $18 {is the precise move to win.}) 48... Qxd5 (48... Qe6 $16 49. a5 (49. Nxf6 Kxf6 50. Ke3 c3 $11) 49... c3) 49. Rxd5 $16 {[%emt 0:00:01][%mdl 4096] [#] Endgame Black must now prevent Rd6. KRB-KRN} Bb2 (49... Bc3 $16 {keeps fighting.} 50. Rd6+ (50. Ne3 Kf6 $16) 50... Kg7) 50. Rd6+ Kg7 51. Ne3 c3 (51... Kf8 $16 {is more resistant.} 52. Rd5 (52. Nxc4 Ke7 $16) 52... Ke7) 52. Kd3 (52. Nf5+ $142 Kg8 53. Kd3) 52... a6 $2 (52... f6 53. Nf5+ Kf7) 53. Nf5+ $18 {[%emt 0:00:22] White is clearly winning.} ({Less strong is} 53. Rxb6 Rxd7+ 54. Kc4 Rd2 $16) 53... Kf8 54. Rd5 (54. Rxb6 Rxd7+ 55. Nd6 a5 $16) 54... b5 55. axb5 axb5 56. Kc2 {[%emt 0:00:26] Weighted Error Value: White=0.33/Black=0.33} ({Weaker is} 56. Rxb5 Rxd7+ 57. Rd5 Ke8 $16) 1-0

[Event "Polish Youth B18 Championship 2023"]
[Site "Jastrzebia Gora"]
[Date "2023.03.13"]
[Round "3.3"]
[White "Luberanski, Jakub"]
[Black "Wilk, Igor"]
[Result "1-0"]
[ECO "E12"]
[WhiteElo "2242"]
[BlackElo "2058"]
[Annotator "TA"]
[PlyCount "67"]
[EventDate "2023.03.11"]
[EventType "swiss"]
[EventCountry "POL"]
[SourceTitle "playchess.com"]
[Source "ChessBase"]
[SourceQuality "1"]
[TimeControl "40/5400+30:1800+30"]

1. d4 Nf6 2. c4 e6 3. Nf3 b6 4. a3 Bb7 5. Nc3 Be7 6. Qc2 d5 7. cxd5 exd5 8. g3 O-O 9. Bg2 Nbd7 10. O-O c5 11. Rd1 {[%emt 0:01:52] E12: Queen's Indian: Unusual White 4th moves, 4 a3, 4 Nc3 Bb7 5 a3 and 4 Nc3 Bb7 .} Rc8 12. Bf4 {[%emt 0:02:05] [#]} c4 $146 (12... Ne4 $11) ({Predecessor:} 12... Ne4 13. Rac1 Bf6 14. Qb3 Nxc3 15. bxc3 Re8 16. Bh3 Bc6 17. Be5 Bxe5 18. Nxe5 Nxe5 19. Bxc8 Qxc8 20. dxe5 Rxe5 21. Qc2 {0-1 Radjabov,T (2628)-Ljubojevic,L (2557) Olympiad-35 Bled 2002 (11.1)}) 13. Ne5 $1 $16 {[%emt 0:01:47] White is better.} Re8 {[%emt 0:01:16] [#]} ({Black should play} 13... a6) 14. Bh3 {[%emt 0:00:42] White has more active pieces.} ({Better is} 14. Qa4 $1 $16) 14... a6 $14 15. Re1 Ra8 16. Rad1 b5 17. Nxd7 (17. e3 {seems wilder.} h6 18. Bg2 g5 19. Nxd7 Qxd7 20. Be5) 17... Nxd7 18. Bg2 Nf6 19. Be5 Rc8 20. Qf5 (20. Bh3 $11) 20... g6 21. Qf4 Nh5 22. Qf3 f6 23. Bf4 Nxf4 24. gxf4 b4 (24... f5 {keeps more tension.} 25. Nxd5 Kg7 26. e4 fxe4 27. Qxe4 Bd6) 25. axb4 Bxb4 26. f5 Kg7 27. Kh1 Qd6 (27... g5 {is more complex.} 28. Qh5 Re7 29. h4 Qe8) 28. Rg1 Bxc3 (28... Re7 $11 {remains equal.}) 29. bxc3 $16 Qe7 (29... Rc7 $14) 30. fxg6 hxg6 (30... h6 $16 {was worth a try.} 31. Rb1 a5) 31. Bh3 $18 {[%emt 0:00:22][%cal Og1g6] Black must now prevent Rxg6+!} Rc7 $2 {[%emt 0:03:33] [#]} (31... g5 $18 32. Bxc8 Bxc8) 32. Rxg6+ $3 {[%emt 0:01:09][%mdl 576] Decoy, Clearance. White mates.} Kxg6 (32... Kf7 33. Rdg1) 33. Rg1+ Kh6 34. Qf4+ {[%emt 0:00:05] Artfully played by Luberanski.   Weighted Error Value: White=0.15 (very precise) /Black=0.52} 1-0

[Event "Polish Youth B18 Championship 2023"]
[Site "Jastrzebia Gora"]
[Date "2023.03.13"]
[Round "3.4"]
[White "Ochedzan, Tymon"]
[Black "Luczak, Filip"]
[Result "1/2-1/2"]
[ECO "C10"]
[WhiteElo "2240"]
[BlackElo "2345"]
[Annotator "TA"]
[PlyCount "60"]
[EventDate "2023.03.11"]
[EventType "swiss"]
[EventCountry "POL"]
[SourceTitle "playchess.com"]
[Source "ChessBase"]
[SourceQuality "1"]
[TimeControl "40/5400+30:1800+30"]

1. e4 e6 2. d4 d5 3. Nc3 dxe4 4. Nxe4 Nd7 5. g3 b6 6. Bg2 {[%emt 0:03:02][%cal Oe4d6] C10: French with 3 Nc3: Unusual Black 3rd moves and 3...dxe4.} Rb8 7. Ne2 Ngf6 {[%emt 0:03:18] [#]} 8. Nxf6+ $146 {[%emt 0:02:15] White has an edge.} ({Predecessor:} 8. Qd3 Nxe4 9. Bxe4 Bb7 10. Bxb7 Rxb7 11. Be3 Nf6 12. O-O-O Be7 13. h4 O-O 14. h5 {1-0 Webb,M (2124)-Burgin,R (2030) Scarborough op 2014 (2)}) 8... Nxf6 9. c4 Bb4+ 10. Bd2 Bxd2+ 11. Qxd2 Bb7 12. Bxb7 Rxb7 13. O-O O-O 14. Rfd1 c6 15. a4 Qe7 16. Ra3 Rd8 17. Rd3 h6 18. b3 Rbd7 19. Qe3 Qb4 20. Qf3 Rd6 21. Nf4 Qa5 22. Qe3 a6 23. Qe5 Qb4 24. Qe3 b5 25. axb5 axb5 26. Qd2 (26. Qc1 $11) 26... Qxd2 $17 27. R1xd2 Kf8 28. f3 {[%emt 0:00:40] Prevents Ne4.} Ke7 29. Kf2 Ra8 30. Ke3 Ra3 {[%emt 0:00:27] Weighted Error Value: White=0.10 (very precise) /Black=0.05 (flawless)} 1/2-1/2

[Event "Polish Youth B18 Championship 2023"]
[Site "Jastrzebia Gora"]
[Date "2023.03.13"]
[Round "3.5"]
[White "Ciszewski, Krzysztof"]
[Black "Czernek, Tymon"]
[Result "1/2-1/2"]
[ECO "E24"]
[WhiteElo "2047"]
[BlackElo "2314"]
[Annotator "TA"]
[PlyCount "41"]
[EventDate "2023.03.11"]
[EventType "swiss"]
[EventCountry "POL"]
[SourceTitle "playchess.com"]
[Source "ChessBase"]
[SourceQuality "1"]
[TimeControl "40/5400+30:1800+30"]

1. d4 Nf6 2. c4 e6 3. Nc3 Bb4 4. a3 Bxc3+ 5. bxc3 d5 6. e3 O-O 7. cxd5 exd5 8. Bd3 Re8 9. Ne2 Nbd7 10. O-O Nf8 11. f3 c5 {[%emt 0:03:13] [#]} 12. a4 $146 {[%emt 0:07:52] E49: Nimzo-Indian: Rubinstein: 5 Bd3 d5 6 a3 Bxc3+ 7 bxc3.} ({Predecessor:} 12. Ng3 Ne6 13. Bb2 h5 14. Nh1 Bd7 15. Nf2 Qb6 16. Rb1 Rad8 17. Bc2 Bb5 18. Re1 Qa6 19. a4 Bc4 {½-½ Peralta,F (2595)-Fernandez Guillen,E (2390) Barcelona Sants op-A 23rd 2022 (3)}) 12... b6 13. Ra2 Bd7 14. g4 {[%emt 0:12:49] White is slightly better.} h6 15. Ng3 Qc7 16. Nf5 Ng6 17. Re2 Qc6 18. Bb5 {[%emt 0:01:45] The position is equal.} Qc7 19. Bd3 Qc6 20. Bb5 Qc7 21. Bd3 {[%emt 0:01:22] Weighted Error Value: White=0.07 (flawless) /Black=0.04 (flawless)} 1/2-1/2

[Event "Polish Youth B18 Championship 2023"]
[Site "Jastrzebia Gora"]
[Date "2023.03.13"]
[Round "3.6"]
[White "Chyzy, Jakub"]
[Black "Grzesik, Gracjan"]
[Result "1/2-1/2"]
[ECO "B90"]
[WhiteElo "2250"]
[BlackElo "2149"]
[Annotator "TA"]
[PlyCount "80"]
[EventDate "2023.03.11"]
[EventType "swiss"]
[EventCountry "POL"]
[SourceTitle "playchess.com"]
[Source "ChessBase"]
[SourceQuality "1"]
[TimeControl "40/5400+30:1800+30"]

1. e4 c5 2. Nf3 d6 3. d4 cxd4 4. Nxd4 Nf6 5. Nc3 a6 6. Bd3 e5 7. Nde2 Be7 8. O-O O-O 9. Ng3 {[%emt 0:00:17] B90: Sicilian Najdorf: Unusual White 6th moves, 6 Be3 Ng4 and 6 Be3 e5.} b5 10. a4 (10. Re1 $142) 10... b4 $1 $11 11. Nd5 Nxd5 12. exd5 f5 {[%emt 0:17:30] [#]} (12... Nd7 {keeps more tension.} 13. Qg4 Nc5 14. Bf5 g6) 13. a5 $146 ({Predecessor:} 13. Re1 e4 14. Nxe4 fxe4 15. Rxe4 Bf5 16. Rxb4 Nd7 17. Be3 Nc5 18. Bxf5 Rxf5 19. Qe2 {0-1 Meyer,G-Roescher,M Dortmund op-B 1998}) 13... e4 14. Be2 Nd7 15. f3 ({Better is} 15. Bd2) 15... exf3 $1 16. Bxf3 Nc5 17. Be3 {[%emt 0:11:01] [#] Black must now prevent Bxc5.} Qc7 {[%emt 0:02:40] aiming for ...f4.} 18. Nh5 g6 19. Nf4 Rb8 20. Re1 Bg5 (20... Ne4 {is interesting.} 21. Bd4 Bh4 22. Re2 Bg5) 21. Kh1 {[%emt 0:01:11][%cal Of4g6] And now Nxg6! would win.} Ne4 ({Black should play} 21... Bh4 $11) 22. Bxe4 $14 Bxf4 23. Bxf4 fxe4 24. Rxe4 {[%emt 0:00:48] Qe1 would be deadly.} Bf5 25. Re1 ({Don't go for} 25. Re2 $2 Bg4 26. Bg3 Rbe8 27. Rxe8 Bxd1 28. Rxf8+ Kxf8 $19) 25... Rbd8 {[%emt 0:00:45] [#]} ({Black should try} 25... Qc5 $14) 26. Qd4 (26. Bh6 $1 $18 ) 26... Qc5 $1 $11 {[%emt 0:00:31] Black is weak on the dark squares} 27. c3 (27. Qxc5 {simplifies} dxc5 28. Bh6 Rfe8 29. c4) 27... bxc3 28. Qxc3 Qxc3 29. bxc3 Rfe8 30. Kg1 Bd3 31. Red1 Bb5 32. Rd4 (32. Rac1 $5 ) 32... Rc8 33. Rc1 Rc4 34. Bxd6 Rd8 35. Be5 Rxd4 36. cxd4 {[%emt 0:00:24] Hoping for Rc5.} Rxd5 37. Rc8+ Kf7 38. Kf2 Bd7 {[%emt 0:01:04][%csl LRa5,LRc8] The position is equal.} 39. Rh8 h5 40. Rh7+ Ke6 {[%emt 0:00:00] Weighted Error Value: White=0.19 (very precise) /Black=0.13 (very precise)} 1/2-1/2